 Dungeon Crawl Stone Soup version 0.26-a0-850-g97a50ab700 (webtiles) character file.

Game seed: 4749894993621177365

52432 jestyr24 the Thaumaturge (level 14, -1/113 HPs)
             Began as a Purple Draconian Conjurer on Nov 21, 2020.
             Was the Champion of Dithmenos.
             Slain by a jumping spider (7 damage)
             ... on level 1 of the Spider Nest.
             The game lasted 03:55:41 (23926 turns).

jestyr24 the Thaumaturge (DrCj)                    Turns: 23926, Time: 03:55:44

Health: -1/113     AC: 16    Str:  6    XL:     14   Next: 27%
Magic:  7/31       EV:  6    Int: 33    God:    Dithmenos [******]
Gold:   905        SH:  0    Dex: 12    Spells: 20/40 levels left

rFire    . . .     SeeInvis .   N - staff of conjuration
rCold    + + +     Faith    .   w - +3 kite shield of Wu Jian's Supremacy {rC+++ Int+2 Slay+3}
rNeg     . . .     Spirit   .   (armour unavailable)
rPois    +         Reflect  .   F - +2 hat {Int+3}
rElec    +         Harm     .   L - +2 cloak {MR+}
rCorr    .         Rampage  .   v - +2 pair of gloves
MR       +++..                  (no boots)
Stlth    ++++++....             x - amulet of magic regeneration
HPRegen  0.28/turn              K - ring of wizardry
MPRegen  0.47/turn              Y - ring "Miwips" {rElec rPois Str-4 Int+4 Dex+3}

@: held, slowed, wreathed by umbra, very slow
A: breathe power, unfitting armour, cold-blooded, AC +8
a: Breathe Dispelling Energy, Shadow Step, Shadow Form, Renounce Religion


You were on level 1 of the Spider Nest.
You worshipped Dithmenos.
Dithmenos was exalted by your worship.
You visited 4 branches of the dungeon, and saw 20 of its levels.
You also visited: Gauntlet.

You collected 905 gold pieces.

Inventory:

Hand Weapons
 a - a +8 lajatang of draining
 u - a +2 dagger of holy wrath
Missiles
 b - 11 javelins
 q - 22 silver javelins
Armour
 j - a scarf of resistance
 v - a +2 pair of gloves (worn)
 w - the +3 kite shield of Wu Jian's Supremacy (worn) {rC+++ Int+2 Slay+3}
   (You found it on level 6 of the Lair of Beasts)

   It affects your intelligence (+2).
   It affects your accuracy and damage with ranged weapons and melee attacks
   (+3).
   It renders you almost immune to cold.
 C - a +3 buckler
 F - a +2 hat of intelligence (worn)
 L - a +2 cloak of magic resistance (worn)
Magical Staves
 r - an uncursed staff of cold
 N - an uncursed staff of conjuration (weapon)
Jewellery
 e - an uncursed ring of protection from fire
 i - a +6 ring of intelligence
 x - an amulet of magic regeneration (around neck)
 B - an uncursed ring of protection from magic
 K - a ring of wizardry (left hand)
 S - an uncursed ring of wizardry
 V - an uncursed amulet of guardian spirit
 Y - the ring "Miwips" (right hand) {rElec rPois Str-4 Int+4 Dex+3}
   (You found it in a Gauntlet)

   [ring of strength]

   It affects your strength (-4).
   It affects your intelligence (+4).
   It affects your dexterity (+3).
   It insulates you from electricity.
   It protects you from poison.
Wands
 y - a wand of random effects (23)
 A - a wand of digging (10)
 I - a wand of flame (63)
 O - a wand of paralysis (8)
 Q - a wand of polymorph (34)
 R - a wand of iceblast (6)
 U - a wand of acid (15)
Scrolls
 c - a scroll of blinking
 d - 8 scrolls of identify
 g - 4 scrolls of fear
 k - 5 scrolls of remove curse
 n - 4 scrolls of enchant weapon
 p - a scroll of amnesia {unknown}
 z - 2 scrolls of magic mapping
 J - 2 scrolls of fog
 M - a scroll of teleportation
Potions
 f - 2 potions of might
 h - 2 potions of brilliance
 l - 3 potions of flight
 m - 8 potions of curing
 o - 2 potions of magic
 s - a potion of resistance
 t - 7 potions of heal wounds
 G - 2 potions of haste
 H - 2 potions of lignification
 Z - 2 potions of cancellation
Miscellaneous
 E - a phial of floods
 T - a lightning rod (4/4)
 W - a phantom mirror
 X - a phial of floods


   Skills:
 - Level 7.0 Fighting
 - Level 4.2 Short Blades
 - Level 6.4 Staves
 - Level 5.3 Dodging
 - Level 8.2 Stealth
 * Level 5.9 Shields
 - Level 1.1 Unarmed Combat
 - Level 13.8 Spellcasting
 - Level 11.5 Conjurations
 - Level 6.4 Hexes
 * Level 6.1 Earth Magic
 - Level 4.4 Invocations
 - Level 7.0 Evocations


You had 20 spell levels left.
You knew the following spells:

 Your Spells              Type           Power        Failure   Level
a - Magic Dart            Conj           ####         1%          1
b - Searing Ray           Conj           ######       1%          2
c - Dazzling Flash        Conj/Hex       ######       1%          3
d - Fulminant Prism       Conj/Hex       #######...   1%          4
e - Iron Shot             Conj/Erth      #######...   11%         6
f - Leda's Liquefaction   Hex/Erth       ######....   1%          4

Your spell library contained the following spells:

 Spells                   Type           Power        Failure   Level
 Corona                   Hex            ######.      1%          1
 Slow                     Hex            ######..     1%          2
 Conjure Flame            Conj/Fire      ######..     1%          3
 Mephitic Cloud           Conj/Pois/Air  ######..     1%          3
 Animate Skeleton         Necr           ###...       2%          1
 Apportation              Tloc           ###...       2%          1
 Summon Small Mammal      Summ           ###.         2%          1
 Iskenderun's Mystic Bla  Conj/Tloc      ######..     2%          4
 Blink                    Tloc           N/A          4%          2
 Call Imp                 Summ           ###.....     4%          2
 Bolt of Magma            Conj/Fire/Erth #######...   6%          5
 Petrify                  Tmut/Erth      #####...     7%          4
 Metabolic Englaciation   Hex/Ice        #####.....   17%         5
 Statue Form              Tmut/Erth      #####....    69%         6
 Ozocubu's Refrigeration  Ice            ###.......   97%         6
 Shatter                  Erth           ######....   100%        9


Dungeon Overview and Level Annotations

Branches:
Dungeon (12/15)            Temple (1/1) D:4            Lair (6/6) D:10
  Swamp (0/4) Lair:2       Spider (1/4) Lair:2        Slime (0/5) Lair:5
Gauntlet (visited)
    Orc: D:9-12

Altars:
Ashenzari
Cheibriados
Dithmenos
Elyvilon
Fedhas
Gozag
Hepliaklqana
Kikubaaqudgha
Makhleb
Nemelex Xobeh
Okawaru
Qazlal
Ru
Sif Muna
Trog
Uskayaw
Vehumet
Wu Jian
Xom
Yredelemnul
Zin
The Shining One

Portals:
Hell: Lair:6

Annotations:
Spider:1 1 runed translucent door, Ageohoy's ghost, adept DsBe


Innate Abilities, Weirdness & Mutations

You can breathe bolts of dispelling energy.
Your rich purple scales are hard. (AC +8)
You cannot fit into any form of body armour.
You are cold-blooded and may be slowed by cold attacks.


Message History

The shadow bolt hits the wolf spider!
You kill the wolf spider!
Dithmenos accepts your kill.
The shadow bolt hits the tarantella!!
You kill the tarantella!
Dithmenos accepts your kill.
Your fulminant prism explodes!
The blast of energy engulfs the torpor snail!!!
The torpor snail is severely wounded.
The orb spider weaves a glowing orb of energy.
The jumping spider leaps!
An orb of destruction comes into view.
The jumping spider leaps!
The jumping spider pounces on you!
* * * LOW HITPOINT WARNING * * *
You are caught in a web!
The jumping spider bites you but does no damage.
The jumping spider leaps!
The orb of destruction hits you!!
* * * LOW HITPOINT WARNING * * *
The jumping spider pounces on you!
You die...

#.#^###
.......###
.......#.##
..........##
..s.s......#
......○...##
.......○...##
......w@...^#
○^.....s#####
........#
..[○....+(
..$.....#(#
........###
.........
.........


You could see a torpor snail, an orb spider, 2 jumping spiders and a +3 great
mace of chaos.

Vanquished Creatures
  Gastronok (Lair:2)
  An entropy weaver (Spider:1)
  A minotaur (Gauntlet)
  A death ooze (Gauntlet)
  6 hydras
  Harold (Lair:2)
  A two-headed ogre (D:10)
  3 death yaks (Lair:3)
  Urug (Lair:5)
  Sonja (D:10)
  A sixfirhy (Lair:6)
  4 wizards
  A deep elf mage (D:11)
  2 wolf spiders (Spider:1)
  A cyclops (D:10)
  13 elephants
  5 black mambas
  A centaur zombie (D:11)
  A gargoyle (D:11)
  A smoke demon (Lair:6)
  6 cane toads
  3 ice devils (Lair:6)
  2 red devils (Lair:6)
  6 rime drakes
  6 komodo dragons
  2 jumping spiders
  2 trolls
  3 polar bears
  Grinder (D:5)
  A hornet (Spider:1)
  2 raiju (Gauntlet)
  24 blink frogs
  4 tyrant leeches (Lair:2)
  A ynoxinul (Gauntlet)
  4 redbacks
  A tarantella (Spider:1)
  A wraith (D:10)
  2 wyverns
  4 basilisks
  34 yaks
  3 wargs (D:10)
  A soldier ant (D:11)
  22 water moccasins
  5 hell hounds (Lair:6)
  2 orc warriors
  A black bear (D:12)
  2 necrophages
  An eye of draining (D:9)
  An ice beast (D:8)
  A phantom (D:7)
  7 ogres
  3 wolves
  6 centaurs
  A big kobold (D:11)
  17 bullfrogs
  A water moccasin zombie (D:8)
  5 scorpions
  A water moccasin skeleton (D:7)
  12 killer bees
  13 wights (D:11)
  5 electric eels (Lair:6)
  3 howler monkeys
  A wyvern simulacrum (D:10)
  A quasit (D:8)
  2 bullfrog zombies
  4 hounds
  A bullfrog skeleton (D:6)
  6 orc priests
  4 iron imps (Gauntlet)
  Crazy Yiuf (D:7)
  A centaur skeleton (D:7)
  Jessica (D:2)
  2 iguanas
  16 orc wizards
  2 hell rats (Lair:2)
  7 worker ants
  2 lightning spires (Gauntlet)
  A hound zombie (D:11)
  A hound skeleton (D:9)
  A worker ant zombie (D:5)
  2 howler monkey skeletons
  11 gnolls
  12 river rats (Lair:2)
  10 adders
  2 shadow imps (D:6)
  2 white imps (D:5)
  An ufetubus (D:5)
  2 adder zombies
  An adder skeleton (D:4)
  3 worms
  6 dart slugs
  5 leopard geckos
  38 orcs
  A ball python (D:2)
  9 bats
  7 giant cockroaches
  5 goblins
  10 hobgoblins
  20 jackals
  6 quokkas
  8 frilled lizards
  A jackal skeleton (D:5)
  13 kobolds
  A quokka skeleton (D:4)
  7 rats
  A fulminant prism (Lair:4)
507 creatures vanquished.

Vanquished Creatures (collateral kills)
  A hydra (Lair:5)
1 creature vanquished.

Vanquished Creatures (others)
  169 fulminant prisms
  37 fungi
  71 plants
277 creatures vanquished.

Grand Total: 785 creatures vanquished

Notes
Turn   | Place    | Note
-------+----------+-------------------------------------------
     0 | D:1      | jestyr24 the Draconian Conjurer began the quest for the
                  | Orb.
     0 | D:1      | Reached XP level 1. HP: 14/14 MP: 3/3
   151 | D:1      | Reached XP level 2. HP: 7/20 MP: 0/5
   862 | D:1      | Learned a level 2 spell: Searing Ray
  1034 | D:1      | Reached XP level 3. HP: 24/26 MP: 0/6
  1738 | D:2      | Noticed Jessica
  1740 | D:2      | Killed Jessica
  1741 | D:2      | Reached skill level 1 in Unarmed Combat
  1741 | D:2      | Reached XP level 4. HP: 33/33 MP: 4/7
  2272 | D:3      | Reached skill level 1 in Fighting
  2571 | D:3      | Reached XP level 5. HP: 40/40 MP: 4/8
  2999 | D:3      | Reached skill level 5 in Conjurations
  3184 | D:3      | Learned a level 3 spell: Dazzling Flash
  3231 | D:3      | Found a glowing golden altar of the Shining One.
  3750 | D:4      | Found a hide-covered altar of Uskayaw.
  3753 | D:4      | Noticed an ogre
  3757 | D:4      | Killed an ogre
  3758 | D:4      | Reached skill level 3 in Spellcasting
  3758 | D:4      | Reached XP level 6. HP: 48/48 MP: 5/10
  3896 | D:4      | Found a staircase to the Ecumenical Temple.
  3914 | Temple   | Entered the Ecumenical Temple
  4162 | Temple   | Became a worshipper of Dithmenos the Shadowed
  4626 | D:4      | Found a snail-covered altar of Cheibriados.
  4746 | D:4      | Found a shimmering blue altar of Sif Muna.
  4752 | D:4      | Found an opulent altar of Gozag.
  4753 | D:4      | Found a blossoming altar of Fedhas.
  4755 | D:4      | Found a radiant altar of Vehumet.
  4955 | D:5      | Entered Level 5 of the Dungeon
  5055 | D:5      | Reached skill level 1 in Short Blades
  5055 | D:5      | Your scales start taking on a rich purple colour.
  5055 | D:5      | Reached skill level 4 in Spellcasting
  5055 | D:5      | Reached XP level 7. HP: 53/57 MP: 9/13
  5116 | D:5      | Found a hazy altar of Hepliaklqana.
  5233 | D:5      | Noticed Grinder
  5239 | D:5      | Paralysed by Grinder for 6 turns
  5250 | D:5      | Killed Grinder
  5299 | D:5      | Found a hazy altar of Hepliaklqana.
  5357 | D:5      | Reached skill level 5 in Spellcasting
  5357 | D:5      | Reached XP level 8. HP: 65/65 MP: 10/15
  5834 | D:5      | Reached * piety under Dithmenos
  6156 | D:6      | Reached skill level 6 in Spellcasting
  6157 | D:6      | Reached skill level 5 in Fighting
  6725 | D:7      | Reached skill level 7 in Spellcasting
  6840 | D:7      | You fall into a shaft and drop 2 floors!
  6935 | D:9      | Reached XP level 9. HP: 58/73 MP: 15/20
  6936 | D:9      | Reached skill level 8 in Spellcasting
  7306 | D:8      | Reached ** piety under Dithmenos
  7336 | D:8      | Reached skill level 9 in Spellcasting
  7961 | D:7      | Reached skill level 10 in Spellcasting
  8219 | D:7      | Reached skill level 1 in Hexes
  8471 | D:7      | Reached *** piety under Dithmenos
  8594 | D:7      | Found a runed translucent door.
  8595 | D:7      | Noticed Crazy Yiuf
  8602 | D:7      | Killed Crazy Yiuf
  8620 | D:7      | Learned a level 4 spell: Fulminant Prism
  8963 | D:9      | Reached XP level 10. HP: 40/80 MP: 11/24
 10050 | D:10     | Entered Level 10 of the Dungeon
 10127 | D:10     | Reached skill level 1 in Shields
 10245 | D:10     | Found a staircase to the Lair.
 10890 | D:10     | Noticed a two-headed ogre
 10907 | D:10     | Killed a two-headed ogre
 10908 | D:10     | Reached skill level 11 in Spellcasting
 10936 | D:10     | Noticed Sonja
 10945 | D:10     | Killed Sonja
 10946 | D:10     | Reached skill level 5 in Stealth
 10946 | D:10     | Reached skill level 1 in Invocations
 10946 | D:10     | Reached skill level 1 in Evocations
 11433 | D:10     | Noticed a cyclops
 11439 | D:10     | Killed a cyclops
 11642 | D:10     | Found an ancient bone altar of Kikubaaqudgha.
 12019 | D:10     | Reached XP level 11. HP: 59/86 MP: 20/26
 12226 | D:11     | Noticed a four-headed hydra
 12237 | D:11     | Killed a four-headed hydra
 12248 | D:11     | HP: 4/86 [centaur/arrow (11)]
 12248 | D:11     | HP: 1/86 [centaur/arrow (3)]
 12773 | D:11     | Reached skill level 1 in Staves
 12848 | D:11     | Reached **** piety under Dithmenos
 13369 | D:11     | Noticed a wizard
 13370 | D:11     | Noticed a wizard
 13376 | D:11     | Killed a wizard
 13378 | D:11     | Killed a wizard
 13382 | D:11     | Noticed a wizard
 13389 | D:11     | Killed a wizard
 13390 | D:11     | Identified the Handbook of Plaster Cramp
 13412 | D:11     | Noticed a boulder beetle
 13508 | D:11     | Identified the Catalogue of Axaxaxas mlö
 13510 | D:11     | Noticed a deep elf mage
 13515 | D:11     | Killed a deep elf mage
 13520 | D:11     | Identified Utallijo's Incunabulum of Sand
 13716 | Lair:1   | Entered Level 1 of the Lair of Beasts
 14919 | Lair:2   | Reached skill level 10 in Conjurations
 15295 | Lair:2   | Reached skill level 5 in Evocations
 15712 | Lair:2   | Reached XP level 12. HP: 97/97 MP: 24/27
 15714 | Lair:2   | Noticed a five-headed hydra
 15720 | Lair:2   | Killed a five-headed hydra
 15758 | Lair:2   | Reached skill level 12 in Spellcasting
 16073 | Lair:2   | Found a staircase to the Swamp.
 16155 | Lair:2   | Noticed Gastronok
 16178 | Lair:2   | Killed Gastronok
 16187 | Lair:2   | Noticed Harold
 16200 | Lair:2   | Killed Harold
 16392 | Lair:2   | Found a hole to the Spider Nest.
 16587 | Lair:2   | Noticed a four-headed hydra
 16597 | Lair:2   | Killed a four-headed hydra
 16941 | Lair:2   | Identified a scroll of acquirement
 16941 | Lair:2   | Acquired a +7 antimagic lajatang
 17116 | Lair:3   | Got a pitted quarterstaff
 17117 | Lair:3   | Identified the +2 quarterstaff "Killer Bee's Bane" {flame,
                  | rPois MR- Int+7} (You found it on level 3 of the Lair of
                  | Beasts)
 17155 | Lair:3   | Noticed a death yak
 17158 | Lair:3   | Noticed a death yak
 17160 | Lair:3   | Noticed a death yak
 17164 | Lair:3   | Killed a death yak
 17164 | Lair:3   | Killed a death yak
 17175 | Lair:3   | Killed a death yak
 17269 | Lair:3   | Noticed a five-headed hydra
 17274 | Lair:3   | Killed a five-headed hydra
 17295 | Lair:3   | Reached ***** piety under Dithmenos
 17327 | Lair:3   | Reached skill level 5 in Staves
 17395 | Lair:3   | Found a gate leading to a gauntlet.
 17405 | Gauntlet | Entered a Gauntlet
 17405 | Gauntlet | Found a transporter.
 17405 | Gauntlet | Found a transporter.
 17405 | Gauntlet | Found a runed translucent gate.
 17405 | Gauntlet | Found a runed translucent gate.
 17406 | Gauntlet | Found a runed translucent gate.
 17419 | Gauntlet | Found a transporter.
 17437 | Gauntlet | Found a transporter.
 17437 | Gauntlet | Found a transporter.
 17439 | Gauntlet | Found a transporter.
 17439 | Gauntlet | Noticed a death ooze
 17442 | Gauntlet | Found a transporter.
 17442 | Gauntlet | Found a transporter.
 17455 | Gauntlet | Found a transporter.
 17471 | Gauntlet | Found a transporter.
 17481 | Gauntlet | Found a transporter.
 17495 | Gauntlet | Found a transporter.
 17518 | Gauntlet | Found a transporter.
 17519 | Gauntlet | Found a runed translucent door.
 17539 | Gauntlet | Found a transporter.
 17590 | Gauntlet | Reached skill level 13 in Spellcasting
 17610 | Gauntlet | Killed a death ooze
 18214 | Gauntlet | Got a glittering tin ring
 18218 | Gauntlet | Identified the cursed ring "Miwips" {rElec rPois Str-4
                  | Int+4 Dex+3} (You found it in a Gauntlet)
 18385 | Gauntlet | Noticed a minotaur
 18410 | Gauntlet | Killed a minotaur
 18627 | Lair:3   | Reached XP level 13. HP: 105/105 MP: 13/30
 19840 | Lair:4   | Reached skill level 5 in Hexes
 21143 | Lair:5   | Noticed Urug
 21156 | Lair:5   | Killed Urug
 21725 | Lair:5   | Found a staircase to the Slime Pits.
 22137 | Lair:5   | Learned a level 6 spell: Iron Shot
 22165 | Lair:6   | Entered Level 6 of the Lair of Beasts
 22171 | Lair:6   | Reached skill level 1 in Earth Magic
 22607 | Lair:6   | Got a twisted kite shield
 22608 | Lair:6   | Identified the +3 kite shield of Wu Jian's Supremacy {rC+++
                  | Int+2 Slay+3} (You found it on level 6 of the Lair of
                  | Beasts)
 22833 | Lair:6   | Reached XP level 14. HP: 113/113 MP: 27/31
 22845 | Lair:6   | Reached skill level 5 in Dodging
 23130 | Lair:6   | Reached skill level 5 in Earth Magic
 23136 | Lair:6   | Learned a level 4 spell: Leda's Liquefaction
 23197 | Lair:6   | Reached ****** piety under Dithmenos
 23210 | Lair:6   | Reached skill level 5 in Shields
 23340 | Lair:6   | Found a burning altar of Makhleb.
 23346 | Lair:6   | Found a gateway to Hell.
 23695 | Spider:1 | Entered Level 1 of the Spider Nest
 23695 | Spider:1 | Found a runed translucent door.
 23695 | Spider:1 | Found a shimmering altar of Xom.
 23695 | Spider:1 | Noticed Ageohoy's ghost (adept DsBe)
 23695 | Spider:1 | Noticed an entropy weaver
 23704 | Spider:1 | Killed an entropy weaver
 23926 | Spider:1 | Slain by a jumping spider

Illustrated notes

Levels and vault maps discovered:
D:1:      dpeg_arrival_rooms_with_view, layout_basic, st_stairs_3,
          minmay_small_reverse_x
D:2:      layout_rooms, serial_curves, eino_curves_02, eino_curves_02,
          uniq_jessica
D:3:      layout_loops_ring, grunt_ministairs_4, nicolae_tso_swordbearing_angel
D:4:      layout_basic, eat_drink_and_be_merry_uskayaw, kennysheep_slug_shrine,
          grunt_temple_overflow_open, minmay_temple_entry_grid,
          serial_corexii_hall, corexii_hall_statues_x, chequers_hall_statues_y
D:5:      layout_gridville, lemuel_doored_altar, basic_altar,
          kennysheep_flooded_box, hangedman_decor_points, uniq_grinder
D:6:      layout_rooms
D:7:      layout_cave_pools, serial_bayou_pond_e, uniq_crazy_yiuf_cottage
D:8:      layout_rooms, chequers_serial_rivers_room_a
D:9:      layout_gridville
D:10:     layout_roguey, erik_lair_orcish_takeover, orc_0_dummy, basic_altar,
          uniq_sonja
D:11:     layout_basic, serial_glass, glass_columns_a, glass_columns_a,
          glass_columns_b, glass_columns_a, glass_columns_b, glass_columns_c,
          glass_columns_b, glass_columns_a, minmay_misc_feat_doors,
          mrwooster_statue_mirror, bh_hangedman_babel_library
D:12:     layout_cave_pools, serial_column_ruins, column_ruins_hut,
          column_ruins_hut, column_ruins_corridor_corner,
          column_ruins_open_tiny, column_ruins_grid_3,
          column_ruins_corridor_straight, basic_altar, minivault_12
Temple:   regret_index_temple_generic_petals
Lair:1:   layout_cave_pods, hibernation_bobbens, grunt_megastairs_2,
          serial_bayou_shore_a, serial_bayou_shore_b, serial_bayou_shore_b
Lair:2:   layout_layer_cave, minmay_swamp_entry_worms,
          spider_nest_entry_funnel_web, kennysheep_rathole, uniq_harold,
          uniq_gastronok
Lair:3:   layout_small_grid, gauntlet_entry_generic
Lair:4:   layout_cave_pods, small_statue_intersection,
          chequers_serial_rivers_micro_d, infiniplex_staircase_pool_2,
          grunt_megastairs_3
Lair:5:   layout_cave_pods, slime_dummy, infiniplex_staircase_pool, uniq_urug
Lair:6:   evil_forest, layout_regular_city, serial_bayou_lagoon_a,
          serial_bayou_lake_a, lemuel_fruit_tree
Spider:1: layout_spider_delve, ebering_ghost_xom

Skill      XL: |  1  2  3  4  5  6  7  8  9 10 11 12 13 14 |
---------------+-------------------------------------------+-----
Dodging        | 2 3 4 5 |  5.3
Unarmed Combat | 1 |  1.1
Fighting       | 1 2 3 5 6 7 |  7.0
Stealth        | 2 3 4 5 6 7 8 |  8.2
Conjurations   | 5 7 8 10 11 | 11.5
Spellcasting   | 3 4 5 7 10 11 13 | 13.8
Short Blades   | 1 2 4 |  4.2
Hexes          | 2 3 4 6 |  6.4
Shields        | 4 5 |  5.9
Invocations    | 2 3 4 |  4.4
Evocations     | 2 5 6 7 |  7.0
Staves         | 3 5 6 |  6.4
Earth Magic    | 4 6 |  6.1

Action                   |  1- 3 |  4- 6 |  7- 9 | 10-12 | 13-15 || total
-------------------------+-------+-------+-------+-------+-------++-------
Melee: Unarmed           |    70 |     4 |       |       |       ||    74
       Tailslap          |     6 |     7 |    14 |     7 |     4 ||    38
       Dagger            |     9 |    15 |   109 |    52 |       ||   185
       Whip              |       |    44 |       |       |       ||    44
       Staff             |       |       |       |    19 |    56 ||    75
 Cast: Magic Dart        |    57 |    55 |    65 |    96 |   102 ||   375
       Searing Ray       |     1 |    20 |    70 |   117 |    72 ||   280
       Dazzling Flash    |       |       |     3 |     7 |       ||    10
       Fulminant Prism   |       |       |       |    78 |    92 ||   170
       Iron Shot         |       |       |       |       |     4 ||     4
       Leda's Liquefacti |       |       |       |       |     1 ||     1
Invok: Shadow Step       |       |       |       |     1 |       ||     1
 Abil: Breathe Dispellin |       |       |       |       |     1 ||     1
Evoke: Phantom mirror    |       |       |       |     1 |     1 ||     2
       Wand              |       |       |       |       |     3 ||     3
       Lightning rod     |       |       |       |       |     3 ||     3
       Phial of floods   |       |       |       |       |     1 ||     1
  Use: Scroll            |       |     8 |     2 |    13 |    11 ||    34
       Potion            |       |       |       |    15 |     1 ||    16
 Stab: Sleeping          |       |     2 |     4 |     1 |       ||     7
Armor: Skin              |    47 |    22 |    65 |    62 |    49 ||   245
Dodge: Dodged            |    77 |    55 |   166 |   168 |    77 ||   543
Block: Buckler           |       |       |       |    47 |    44 ||    91
       Kite shield       |       |       |       |       |    33 ||    33

Table legend: (Time is in decaauts)
 A = Elapsed time spent in this place.
 B = Non-inter-level travel time spent in this place.
 C = Inter-level travel time spent in this place.
 D = Time resting spent in this place.
 E = Time spent auto-exploring this place.
 F = Levels seen in this place.
 G = Mean time per level.
                   A        B        C        D        E       F      G
               +--------+--------+--------+--------+--------+-----+--------+
         Total |  23980 |  23180 |    800 |   7824 |   8574 |  21 | 1141.9 |
       Dungeon |  13420 |  13021 |    399 |   4278 |   4819 |  12 | 1118.3 |
        Temple |    287 |    189 |     98 |      0 |    171 |   1 |  287.0 |
          Lair |   9194 |   8891 |    303 |   2874 |   3583 |   6 | 1532.3 |
   Spider Nest |     34 |     34 |      0 |      0 |      0 |   1 |   34.0 |
      Gauntlet |   1043 |   1043 |      0 |    672 |      0 |   1 | 1043.0 |
               +--------+--------+--------+--------+--------+-----+--------+

Top non-repeatable levels by time:
  Lair:2: 2155 daAuts
    D:10: 1860 daAuts
     D:1: 1714 daAuts
  Lair:1: 1529 daAuts
     D:9: 1504 daAuts
  Lair:6: 1427 daAuts
  Lair:4: 1420 daAuts
  Lair:3: 1386 daAuts
     D:3: 1331 daAuts
  Lair:5: 1274 daAuts
    D:11: 1208 daAuts
     D:5: 1049 daAuts
     D:8: 1044 daAuts
Gauntlet: 1043 daAuts
     D:7: 1029 daAuts
